 Dungeon Crawl Stone Soup version 0.27-a0-46-g34d46f0a3f (webtiles) character file.

Game seed: 10902857775007717912

201 nuthulu the Skirmisher (level 5, 0/35 HPs)
             Began as a Gargoyle Fighter on Jan 6, 2021.
             Slain by Grinder (2 damage)
             ... while paralysed by Grinder
             ... on level 3 of the Dungeon.
             The game lasted 00:04:34 (3107 turns).

nuthulu the Skirmisher (Gargoyle Fighter)           Turns: 3107, Time: 00:04:35

Health: 0/35       AC: 15    Str: 19    XL:     5   Next: 79%
Magic:  0/14       EV:  2    Int:  9    God:
Gold:   152        SH:  0    Dex: 10    Spells: 4/4 levels left

rFire    . . .     SeeInvis .   a - +0 flail
rCold    . . .     Faith    .   c - +0 kite shield
rNeg     + . .     Spirit   +   b - +0 scale mail
rPois    ∞         Reflect  .   n - +2 hat
rElec    +         Harm     .   h - scarf {repulsion}
rCorr    .         Rampage  .   p - +1 pair of gloves
Will     .....                  (no boots)
Stlth    ..........             t - amulet of guardian spirit
HPRegen  0.11/turn              o - ring of magical power
MPRegen  0.14/turn              (no ring)

@: paralysed, very slightly contaminated, invisible, repel missiles
A: negative energy resistance 1, electricity resistance, unbreathing,
petrification resistance, miasma immunity, AC +4
a: no special abilities


You were on level 3 of the Dungeon.
You visited 1 branch of the dungeon, and saw 3 of its levels.

You collected 152 gold pieces.

Inventory:

Hand Weapons
 a - a +0 flail (weapon)
Armour
 b - a +0 scale mail (worn)
 c - a +0 kite shield (worn)
 h - a scarf of repulsion (worn)
 n - a +2 hat (worn)
 p - a +1 pair of gloves (worn)
Jewellery
 o - a ring of magical power (left hand)
 t - an amulet of guardian spirit (around neck)
Wands
 r - a wand of paralysis (3)
Scrolls
 f - 3 scrolls of teleportation
 j - a scroll of remove curse
 k - 2 scrolls of amnesia
 l - a scroll of blinking
Potions
 d - a potion of might
 e - a potion of heal wounds
 g - a potion of flight
 i - 2 potions of invisibility
 m - a potion of berserk rage
 q - 4 potions of curing
 s - a potion of magic {unknown}


   Skills:
 + Level 5.3 Fighting
 + Level 4.3 Maces & Flails
 - Level 3.2 Armour
 - Level 3.2 Shields


You had 4 spell levels left.
You didn't know any spells.
Your spell library was empty.

Dungeon Overview and Level Annotations

Branches:
Dungeon (3/15)

Altars:
Dithmenos
Makhleb

Annotations:
D:3 Grinder


Innate Abilities, Weirdness & Mutations

You are resistant to torment.
Your stone body is resilient. (AC +4)
You are immune to poison.
You resist negative energy. (rN+)
You are resistant to electric shocks. (rElec)
You can survive without breathing.
You are immune to petrification.
You are immune to miasma.


Message History

Grinder barely misses you.
Unknown command.
Unknown command.
You barely miss Grinder.
Grinder is severely wounded.
Grinder hits you but does no damage.
You hit Grinder.
Grinder is severely wounded.
Grinder gestures at you. Pain shoots through your body!
* * * LOW HITPOINT WARNING * * *
Grinder gestures at you.
You suddenly lose the ability to move!
Grinder gestures at you. Pain shoots through your body!
* * * LOW HITPOINT WARNING * * *
Grinder gestures at you.
You barely resist. Grinder hits you.
You die...

#.# #.#.################ (.#
#.#.# ### #.#.# #...# ## #.### .#
#.# .# #.### .#
#..(##############
.########.#.....@5.......#
..>....#.....###########.# ###
.#####.#..#)## #.# #.. ##
#.#..#.# #.# #.# #.#..#.# #.# #.#
#.#..#.# #####†######.#
######.#..#.# #.........##.#
#...........########.######..##.#
#.####.#..#...........# #..##.#


You could see Grinder.

Vanquished Creatures
  Jessica (D:3)
  Natasha (D:3)
  3 gnolls (D:2)
  4 adders
  An adder zombie (D:2)
  2 dart slugs
  12 orcs
  4 giant cockroaches
  9 goblins
  8 hobgoblins
  3 kobolds
  3 quokkas
  2 ball pythons
  8 bats
  A frilled lizard (D:1)
  8 rats
70 creatures vanquished.

Vanquished Creatures (others)
  A leopard gecko (D:3)
1 creature vanquished.

Grand Total: 71 creatures vanquished

Notes
Turn   | Place    | Note
-------+----------+-------------------------------------------
     0 | D:1      | nuthulu the Gargoyle Fighter began the quest for the Orb.
     0 | D:1      | Reached XP level 1. HP: 14/14 MP: 1/1
    40 | D:1      | Reached XP level 2. HP: 18/19 MP: 2/2
   774 | D:1      | Reached XP level 3. HP: 24/24 MP: 3/3
  1036 | D:2      | Reached skill level 4 in Fighting
  1229 | D:2      | Found a burning altar of Makhleb.
  1233 | D:2      | Found a shadowy altar of Dithmenos.
  1301 | D:2      | Reached XP level 4. HP: 8/30 MP: 4/4
  1308 | D:2      | HP: 1/30 [adder (3)]
  2380 | D:3      | Reached XP level 5. HP: 29/34 MP: 5/5
  2542 | D:3      | Noticed Natasha
  2552 | D:3      | Killed Natasha
  2553 | D:3      | Reached skill level 5 in Fighting
  2704 | D:3      | Found a glowing drain.
  2793 | D:3      | Noticed Jessica
  2811 | D:3      | Killed Jessica
  3072 | D:3      | Noticed Grinder
  3076 | D:3      | Paralysed by Grinder for 7 turns
  3095 | D:3      | Paralysed by Grinder for 5 turns
  3104 | D:3      | Paralysed by Grinder for 7 turns
  3105 | D:3      | HP: 1/35 [Grinder/nerve-wracking pain (4)]
  3107 | D:3      | Slain by Grinder

Illustrated notes

Levels and vault maps discovered:
D:1:      psy_arrival_radial01, layout_basic
D:2:      layout_loops_ring, minitemple
D:3:      layout_loops_ring, gup_sewer_entry_glass, uniq_natasha, uniq_jessica,
          uniq_grinder

Skill      XL: |  1  2  3  4  5 |
---------------+----------------+-----
Fighting       | 4 5 |  5.3
Maces & Flails | 3 4 |  4.3
Armour         | |  3.2
Shields        | |  3.2

Action                   |  1- 3 |  4- 6 || total
-------------------------+-------+-------++-------
Melee: Flail             |    85 |   181 ||   266
  Use: Scroll            |     7 |     6 ||    13
       Potion            |       |     1 ||     1
Armor: Scale mail        |    58 |    98 ||   156
Dodge: Dodged            |    30 |    66 ||    96
Block: Kite shield       |    62 |    94 ||   156

Table legend: (Time is in decaauts)
 A = Elapsed time spent in this place.
 B = Non-inter-level travel time spent in this place.
 C = Inter-level travel time spent in this place.
 D = Time resting spent in this place.
 E = Time spent auto-exploring this place.
 F = Levels seen in this place.
 G = Mean time per level.
                   A        B        C        D        E       F      G
               +--------+--------+--------+--------+--------+-----+--------+
         Total |   3189 |   3069 |    120 |    586 |   1691 |   3 | 1063.0 |
       Dungeon |   3189 |   3069 |    120 |    586 |   1691 |   3 | 1063.0 |
               +--------+--------+--------+--------+--------+-----+--------+

Top non-repeatable levels by time:
     D:2: 1341 daAuts
     D:1: 1025 daAuts
     D:3: 822 daAuts
